 Dungeon Crawl Stone Soup version 0.25-a0-1119-g28b6fd0 (webtiles) character file.

Game seed: 1491450664047394115, levelgen mode: deterministic

3992 demibob the Grappler (level 10, -1/202 HPs)
             Began as a Black Draconian Chaos Knight on May 18, 2020.
             Was a Plaything of Xom.
             Slain by a dream sheep (3 damage)
             ... on level 8 of the Dungeon.
             The game lasted 00:25:54 (10338 turns).

demibob the Grappler (DrCK)                        Turns: 10338, Time: 00:25:55

Health: -1/202     AC: 25    Str: 15      XL:     10   Next: 3%
Magic:  10/10      EV:  2    Int: 13      God:    Xom [....*.]
Gold:   470        SH:  0    Dex: 12 (13) Spells: 6/9 levels left

rFire    + . .     SeeInvis .     - Unarmed
rCold    . . .     Gourm    .   (no shield)
rNeg     + + +     Faith    .   (armour unavailable)
rPois    +         Spirit   .   (helmet currently unavailable)
rElec    .         Reflect  .   (cloak currently unavailable)
rCorr    .         Harm     .   (gloves currently unavailable)
MR       .....     NoTele   +   (boots currently unavailable)
Stlth    ..........             d - amulet of magic regeneration
HPRegen  0.43/turn              F - ring of protection from fire
MPRegen  0.37/turn              N - ring of positive energy

@: berserking, short of breath, tree-form, very quick
A: (breathe lightning), unfitting armour, blurry vision 2, screaming 2, wild
magic 1, AC +7
a: Renounce Religion


You were on level 8 of the Dungeon.
You worshipped Xom.
You were a beloved toy of Xom.
You were not hungry.
You were a tree.
You visited 1 branch of the dungeon, and saw 8 of its levels.
You also visited: Sewer.

You collected 470 gold pieces.


Innate Abilities, Weirdness & Mutations

((You can breathe wild blasts of lightning.))
((Your glossy black scales are hard. (AC +7)))
You cannot fit into any form of body armour.
((You are resistant to electric shocks. (rElec)))
((You are cold-blooded and may be slowed by cold attacks.))
((Your large and strong wings let you fly indefinitely.))
Scrolls take you longer to read.
((Your flesh is heat resistant. (rF+)))
((Your system is resistant to poisons. (rPois)))
You sometimes yell uncontrollably at your foes.
Your spells are a little harder to cast, but a little more powerful.


   Skills:
 + Level 8.4 Fighting
 - Level 2.1 Dodging
 + Level 12.0 Unarmed Combat
 - Level 4.8 Air Magic


You had 6 spell levels left.
You knew the following spells:

 Your Spells              Type           Power        Failure   Level  Hunger
m - Mephitic Cloud        Conj/Pois/Air  #.......     52%         3    ####...

Your spell library contained the following spells:

 Spells                   Type           Power        Failure   Level  Hunger
 Animate Skeleton         Necr           N/A          38%         1    ##.....
 Corona                   Hex            #......      38%         1    ##.....
 Magic Dart               Conj           #...         38%         1    ##.....
 Pain                     Necr           #...         38%         1    ##.....
 Blink                    Tloc           N/A          52%         2    ###....
 Call Imp                 Summ           #.......     52%         2    ###....
 Ensorcelled Hibernation  Hex/Ice        #.....       52%         2    ###....
 Slow                     Hex            #.......     52%         2    ###....
 Confusing Touch          Hex            #.......     75%         3    ####...
 Conjure Flame            Conj/Fire      #.......     75%         3    ####...
 Dazzling Flash           Conj/Hex       #.....       75%         3    ####...
 Tukima's Dance           Hex            #.......     75%         3    ####...
 Vampiric Draining        Necr           #.........   75%         3    ####...
 Animate Dead             Necr           N/A          98%         4    #####..
 Agony                    Necr           #.......     100%        5    ######.

Inventory:

Magical Staves
 c - an uncursed staff of cold {!a}
Jewellery
 d - an amulet of magic regeneration (around neck)
 F - a ring of protection from fire (left branch)
 N - a ring of positive energy (right branch)
 P - an uncursed ring of poison resistance
Wands
 j - a wand of enslavement (6)
 o - a wand of polymorph (6)
 z - a wand of random effects (16)
Scrolls
 f - a scroll of teleportation {@r4}
 k - 2 scrolls of enchant armour
 m - 2 scrolls of magic mapping
 p - a scroll of fear
 t - 4 scrolls of identify {@r1}
 u - 3 scrolls of remove curse {@r2}
 x - a scroll of amnesia
 y - 3 scrolls of enchant weapon
 A - a scroll of vulnerability {!r}
Potions
 b - a potion of brilliance
 e - a potion of cancellation
 g - 5 potions of flight
 h - a potion of stabbing
 i - a potion of mutation {!q}
 l - 5 potions of curing {@q1}
 n - 3 potions of might
 s - a potion of ambrosia
 v - a potion of lignification {!q}
Comestibles
 a - 10 rations {@e1}

Dungeon Overview and Level Annotations

Branches:
Dungeon (8/15)             Temple (0/1) D:4           Sewer (visited)
   Lair: D:8-11

Altars:
Gozag
Ru
Xom
The Shining One

Shops:
D:5 (

Annotations:
D:7 1 transporter, Ceann's ghost, novice GrFi

....#.# ....#.###
# ......... .#
#......# ####.####
#..# .......#
#♣Y.≈.≈PP #..##
.o.....# #D{Y...≈P
#..#. .....+###
#YK.%.P≈≈ #..##
o.......>
#(.P%.≈≈P #. #..#.
.........
#....%P≈.##.##..#.
....[....
▒▒'''#▒▒+▒..##..#.
####..... ....▒
▒..##..#. # ####.
%...'% ▒...#⚑.#⚑ #
▒▒▒▒▒▒▒ #..#..#.


You could see a two-headed hydra, 2 yaks, a big kobold, a dream sheep and a
friendly +0 falchion of flaming.


Message History

You pummel the two-headed hydra!!
The two-headed hydra is moderately wounded.
Your +0 falchion of flaming misses the big kobold.
The dream sheep bites you.
* * * LOW HITPOINT WARNING * * *
The big kobold hits you but does no damage.
Unknown command.
It was a potion of lignification.
You turn into a tree.
Your roots penetrate the ground.
Your +0 falchion of flaming hits the big kobold!
Your +0 falchion of flaming burns the big kobold.
The yak misses your +0 falchion of flaming.
The two-headed hydra bites you!
* * * LOW HITPOINT WARNING * * *
Xom is amused.
The two-headed hydra barely misses you.
Your +0 falchion of flaming hits the big kobold!!
Your +0 falchion of flaming burns the big kobold.
The big kobold dies!
Your life force feels restored.
The dream sheep bites you but does no damage.
It was a potion of berserk rage.
A red film seems to cover your vision as you go berserk!
You feel yourself moving faster!
You feel mighty!
The yak barely misses your +0 falchion of flaming.
The big kobold hits you but does no damage.
The yak misses your +0 falchion of flaming.
The two-headed hydra bites you but does no damage. x2
The dream sheep bites you.
You die...

Skill      XL: |  1  2  3  4  5  6  7  8  9 |
---------------+----------------------------+-----
Unarmed Combat | 4 5 6 8 10 11 12 | 12.0
Fighting       | 6 8 |  8.4
Air Magic      | 4 |  4.8
Dodging        | |  2.1

Action                   |  1- 3 |  4- 6 |  7- 9 | 10-12 || total
-------------------------+-------+-------+-------+-------++-------
Melee: Unarmed           |   113 |   285 |   329 |     1 ||   728
       Tailslap          |     5 |    22 |    39 |       ||    66
       Punch             |     1 |     6 |    14 |       ||    21
       Kick              |       |       |    27 |       ||    27
 Abil: Breathe Lightning |       |       |     9 |       ||     9
       Fly               |       |       |     1 |       ||     1
Evoke: Wand              |       |     3 |     4 |       ||     7
  Use: Scroll            |       |    12 |     5 |       ||    17
       Potion            |       |     6 |     5 |     2 ||    13
 Stab: Sleeping          |     1 |       |     1 |       ||     2
  Eat: Chunk             |     3 |     8 |    10 |       ||    21
       Ration            |       |     1 |     3 |       ||     4
Armor: Skin              |    37 |    61 |   108 |     5 ||   211
Dodge: Dodged            |    77 |   164 |   180 |     1 ||   422

Levels and vault maps discovered:
D:1:      dpeg_arrival_water_altar, layout_loops_ring, roderic_serpentine_path,
          bh_walls_and_bars
D:2:      layout_rooms, lemuel_doored_altar, first_ration
D:3:      layout_rooms, guppyfry_early_orc_mine
D:4:      layout_cave_pools, minmay_temple_entry_glassed_door,
          nicolae_underground_beach
D:5:      layout_gridville, serial_shops, kennysheep_mini_moat,
          portal_sewer_entry_f, st_stairs_9
D:6:      layout_loops_cross, basic_altar, uniq_eustachio, uniq_pikel
D:7:      layout_gridville, gammafunk_ghost_mausoleum
D:8:      layout_basic, serial_shops, shop, hangedman_ranch
          [blue_anna_fruit_fields], hex_large, nicolae_blasting_shop

Notes
Turn   | Place    | Note
-------+----------+-------------------------------------------
     0 | D:1      | demibob the Draconian Chaos Knight began the quest for the
                  | Orb.
     0 | D:1      | Reached XP level 1. HP: 19/19 MP: 1/1
    32 | D:1      | XOM: potion effect (brilliance)
    81 | D:1      | XOM: butterfly on damage
    81 | D:1      | XOM: smoke on damage
    86 | D:1      | Reached XP level 2. HP: 16/26 MP: 2/2
   185 | D:1      | XOM: scenery: create altars
   321 | D:1      | XOM: 9-stop teleportation journey
   901 | D:1      | XOM: give mutation
   901 | D:1      | Gained mutation: Your spells are a little harder to cast,
                  | but a little more powerful. [Xom's grace]
   980 | D:1      | Found a glowing golden altar of the Shining One.
  1048 | D:2      | You fall into a shaft and drop 2 floors!
  1063 | D:4      | Reached skill level 4 in Unarmed Combat
  1264 | D:4      | XOM: god gift: long runed staff {god gift}
  1293 | D:3      | Reached XP level 3. HP: 30/31 MP: 3/3
  1306 | D:2      | XOM: butterfly on damage
  1319 | D:3      | HP: 2/31 [worm (4)]
  1538 | D:2      | XOM: god gift: 10 stones
  1598 | D:2      | XOM: scenery: 1 doors open
  1746 | D:2      | Reached skill level 5 in Unarmed Combat
  1746 | D:2      | Reached XP level 4. HP: 36/38 MP: 4/4
  1753 | D:2      | XOM: summons friendly quasit
  2138 | D:2      | XOM: summons 1 hostile demon
  2140 | D:2      | XOM: 4-stop teleportation journey
  2197 | D:2      | XOM: silly message
  2380 | D:2      | Found a sacrificial altar of Ru.
  2461 | D:3      | XOM: 8-stop teleportation journey
  2698 | D:2      | XOM: god gift: 16 stones
  2833 | D:2      | XOM is BORED!
  2833 | D:2      | XOM: stat loss: -2 Str (13/15)
  3005 | D:3      | Reached XP level 5. HP: 36/45 MP: 5/5
  3092 | D:3      | Reached skill level 6 in Unarmed Combat
  3184 | D:3      | XOM: summons 2 hostile demons
  3251 | D:3      | XOM: cloud trail
  3286 | D:3      | XOM: scenery: create altars
  3364 | D:3      | XOM: cloud trail
  3474 | D:3      | XOM: 1-stop teleportation journey
  3484 | D:3      | XOM: divination: detect items
  3512 | D:3      | Lost mutation: Your spells are a little harder to cast, but
                  | a little more powerful. [potion of mutation]
  3512 | D:3      | Gained mutation: You tend to lose your temper in combat.
                  | [potion of mutation]
  3512 | D:3      | Gained mutation: You are robust. (+10% HP) [potion of
                  | mutation]
  3527 | D:3      | XOM is BORED!
  3527 | D:3      | XOM: noise
  3752 | D:4      | XOM: silly message
  3816 | D:4      | XOM: cloud trail
  3938 | D:4      | Reached XP level 6. HP: 47/56 MP: 6/6
  4153 | D:4      | Found a staircase to the Ecumenical Temple.
  4192 | D:4      | XOM: noise
  4274 | D:4      | Lost mutation: You tend to lose your temper in combat.
                  | [potion of mutation]
  4274 | D:4      | Gained mutation: Your system is resistant to poisons.
                  | (rPois) [potion of mutation]
  4274 | D:4      | Gained mutation: You occasionally shout uncontrollably at
                  | your foes. [potion of mutation]
  4274 | D:4      | Gained mutation: Your spells are a little harder to cast,
                  | but a little more powerful. [potion of mutation]
  4274 | D:4      | Gained mutation: Your tail ends in a poisonous barb.
                  | [potion of mutation]
  4488 | D:5      | Entered Level 5 of the Dungeon
  4517 | D:5      | Reached skill level 7 in Unarmed Combat
  4534 | D:5      | Found a glowing drain.
  4580 | Sewer    | Entered a sewer
  4860 | Sewer    | XOM: 2-stop teleportation journey
  4863 | Sewer    | XOM: polymorph river rat -> electric eel
  4908 | Sewer    | Reached skill level 8 in Unarmed Combat
  4908 | Sewer    | Your scales start taking on a glossy black colour.
  4908 | Sewer    | Reached XP level 7. HP: 54/62 MP: 7/7
  4908 | Sewer    | Gained mutation: You are resistant to electric shocks.
                  | (rElec) [Black Draconian growth]
  4994 | Sewer    | XOM: noise
  5715 | Sewer    | XOM: noise
  5818 | D:5      | Reached skill level 9 in Unarmed Combat
  5943 | D:5      | XOM: scenery: 1 doors close
  6292 | D:5      | XOM: give mutations
  6292 | D:5      | Gained mutation: Your flesh is cold resistant. (rC+) [Xom's
                  | grace]
  6292 | D:5      | Gained mutation: You have large cloven feet. [Xom's grace]
  6292 | D:5      | Gained mutation: Your large and strong wings let you fly
                  | indefinitely. [Xom's grace]
  6292 | D:5      | Gained mutation: Your spells are harder to cast, but more
                  | powerful. [Xom's grace]
  6355 | D:5      | XOM: chaos cloud
  6419 | D:5      | Reached skill level 10 in Unarmed Combat
  6419 | D:5      | Reached XP level 8. HP: 63/69 MP: 8/8
  6564 | D:5      | XOM: give mutations
  6564 | D:5      | Lost mutation: You are robust. (+10% HP) [Xom's mischief]
  6564 | D:5      | Gained mutation: Your body sometimes deteriorates upon
                  | taking damage. [Xom's mischief]
  6564 | D:5      | Lost mutation: Your body sometimes deteriorates upon taking
                  | damage. [Xom's mischief]
  6564 | D:5      | Gained mutation: Scrolls take you a little longer to read.
                  | [Xom's mischief]
  6651 | D:5      | Found Cosassegg's Weapon Emporium.
  6843 | D:6      | Noticed Eustachio
  6852 | D:6      | Noticed Eustachio
  6852 | D:6      | Eustachio changed into Eustachio the wolf
  6858 | D:6      | Killed Eustachio the wolf
  6858 | D:6      | Reached skill level 4 in Fighting
  7014 | D:6      | Found an opulent altar of Gozag.
  7139 | D:6      | XOM: stat loss: -1 Str (14/15)
  7154 | D:6      | XOM: chaos cloud
  7157 | D:6      | Paralysed by you for 2 turns
  7226 | D:6      | Reached skill level 5 in Fighting
  7466 | D:6      | XOM: 4-stop teleportation journey
  7562 | D:6      | Noticed Pikel
  7568 | D:6      | Killed Pikel
  7568 | D:6      | Reached skill level 6 in Fighting
  7568 | D:6      | Reached skill level 11 in Unarmed Combat
  7568 | D:6      | Reached XP level 9. HP: 44/77 MP: 9/9
  7575 | D:6      | XOM: torment (34/77 hp)
  7908 | D:6      | Learned a level 3 spell: Mephitic Cloud
  7961 | D:6      | XOM: give mutations
  7961 | D:6      | Gained mutation: You sometimes yell uncontrollably at your
                  | foes. [Xom's mischief]
  7961 | D:6      | Lost mutation: Your tail ends in a poisonous barb. [Xom's
                  | mischief]
  7961 | D:6      | Lost mutation: Scrolls take you a little longer to read.
                  | [Xom's mischief]
  7961 | D:6      | Lost mutation: You sometimes yell uncontrollably at your
                  | foes. [Xom's mischief]
  8013 | D:6      | XOM: repel stairs
  8018 | D:6      | XOM: smoke on damage
  8075 | D:7      | Reached skill level 1 in Air Magic
  8078 | D:7      | Reached skill level 7 in Fighting
  8209 | D:7      | XOM: give mutations
  8209 | D:7      | Gained mutation: You sometimes yell uncontrollably at your
                  | foes. [Xom's mischief]
  8209 | D:7      | Lost mutation: You have large cloven feet. [Xom's mischief]
  8209 | D:7      | Gained mutation: You frequently scream uncontrollably at
                  | your foes. [Xom's mischief]
  8209 | D:7      | Gained mutation: You are frail. (-10% HP) [Xom's mischief]
  8210 | D:7      | Lost mutation: Your flesh is cold resistant. (rC+) [potion
                  | of mutation]
  8210 | D:7      | Lost mutation: You are frail. (-10% HP) [potion of
                  | mutation]
  8210 | D:7      | Lost mutation: Your spells are harder to cast, but more
                  | powerful. [potion of mutation]
  8210 | D:7      | Gained mutation: You have a pair of small antennae on your
                  | head. [potion of mutation]
  8210 | D:7      | Gained mutation: Your spells are harder to cast, but more
                  | powerful. [potion of mutation]
  8210 | D:7      | Gained mutation: You expend magic power (3 MP) to
                  | strengthen your wands. [potion of mutation]
  8341 | D:7      | Reached skill level 2 in Air Magic
  8458 | D:7      | Found a transporter.
  8460 | D:7      | Found a transporter.
  8460 | D:7      | Noticed Ceann's ghost (novice GrFi)
  8479 | D:7      | XOM: cast spell 'Ring of Flames'
  8537 | D:7      | XOM: silly message
  8625 | D:7      | XOM: summons 5 hostile demons
  8696 | D:7      | XOM: potion effect (might)
  8698 | D:7      | Reached skill level 3 in Air Magic
  8709 | D:7      | XOM: noise
  8711 | D:7      | Reached skill level 4 in Air Magic
  8771 | D:7      | XOM: silly message
  8974 | D:7      | XOM: 1-stop teleportation journey
  8988 | D:7      | XOM: give mutations
  8988 | D:7      | Gained mutation: Your body sometimes deteriorates upon
                  | taking damage. [Xom's mischief]
  8988 | D:7      | Gained mutation: Scrolls take you a little longer to read.
                  | [Xom's mischief]
  8989 | D:7      | Lost mutation: Your body sometimes deteriorates upon taking
                  | damage. [potion of mutation]
  8989 | D:7      | Lost mutation: You have a pair of small antennae on your
                  | head. [potion of mutation]
  8989 | D:7      | Lost mutation: You expend magic power (3 MP) to strengthen
                  | your wands. [potion of mutation]
  8989 | D:7      | Lost mutation: Your spells are harder to cast, but more
                  | powerful. [potion of mutation]
  8989 | D:7      | Gained mutation: Your flesh is heat resistant. (rF+)
                  | [potion of mutation]
  9356 | D:7      | XOM: torment (22/81 hp)
  9801 | D:8      | Reached skill level 8 in Fighting
  9806 | D:8      | XOM: give mutations
  9806 | D:8      | Lost mutation: You frequently scream uncontrollably at your
                  | foes. [Xom's mischief]
  9806 | D:8      | Gained mutation: Scrolls take you longer to read. [Xom's
                  | mischief]
  9819 | D:8      | XOM: polymorph iguana -> bullfrog
  9859 | D:8      | XOM: scenery: create altars
  9877 | D:7      | XOM: summons 5 hostile demons
 10316 | D:8      | Reached skill level 12 in Unarmed Combat
 10328 | D:8      | XOM: 2-stop teleportation journey
 10328 | D:8      | Noticed a two-headed hydra
 10335 | D:8      | Reached XP level 10. HP: 20/90 MP: 10/10
 10336 | D:8      | HP: 6/90 [dream sheep (4)]
 10337 | D:8      | HP: 1/135 [two-headed hydra (9)]
 10338 | D:8      | Slain by a dream sheep

Vanquished Creatures
  Pikel (D:6)
  3 orc warriors
  A sky beast (D:5)
  A slave (D:6)
  2 ice beasts
  6 ogres
  A wolf (D:6)
  A necrophage (D:6)
  A centaur (D:7)
  4 bullfrogs
  4 big kobolds
  2 scorpions
  A howler monkey (D:6)
  4 crimson imps
  A quasit (D:7)
  2 orc priests
  A gnoll shaman (D:7)
  A bullfrog skeleton (D:5)
  6 hounds
  2 jellies (D:5)
  An iguana (D:6)
  2 centaur skeletons
  2 orc wizards
  4 worker ants
  2 howler monkey zombies (D:7)
  A worker ant zombie (D:3)
  2 howler monkey skeletons
  5 gnolls (D:7)
  17 adders
  6 river rats (Sewer)
  An ooze (Sewer)
  2 worms
  A dart slug (D:3)
  7 leopard geckos
  30 orcs
  4 ball pythons (Sewer)
  7 bats
  5 giant cockroaches
  10 goblins
  8 hobgoblins
  18 kobolds
  A quokka (D:4)
  7 frilled lizards
  2 quokka skeletons
  18 rats
208 creatures vanquished.

Vanquished Creatures (collateral kills)
  A dream sheep (D:8)
  A big kobold (D:8)
  A scorpion (D:2)
  2 kobolds (Sewer)
  A frilled lizard (Sewer)
6 creatures vanquished.

Vanquished Creatures (others)
  A slave (D:6)
  An orc priest (D:6)
  2 orcs (D:6)
  A rat (Sewer)
5 creatures vanquished.

Grand Total: 219 creatures vanquished

Table legend:
 A = Turns spent in this place as a percentage of turns spent in the entire game.
 B = Non-inter-level travel turns spent in this place as a percentage of non-inter-level travel turns spent in the entire game.
 C = Inter-level travel turns spent in this place as a percentage of turns spent in this place.
 D = Turns resting spent in this place as a percentage of non-inter-level travel turns spent in this place.
 E = Turns spent auto-exploring this place as a percentage of non-inter-level travel turns spent in this place.
 F = Non-inter-level travel turns spent in this place divided by the number of levels of this place that you've seen.
                   A       B       C       D       E      F
               +-------+-------+-------+-------+-------+----------------------
         Total | 100.0 | 100.0 |   2.8 |  31.4 |  52.1 | 1116.2
       Dungeon |  88.8 |  88.5 |   3.2 |  31.6 |  53.2 | 1111.5
         Sewer |  11.2 |  11.5 |   0.0 |  29.8 |  43.4 | 1154.0
               +-------+-------+-------+-------+-------+----------------------

Table legend:
 A = Non-vault XP
 B = Vault XP
 C = Vault XP percentage of total XP
 D = Non-vault monster count
 E = Vault monster count
 F = Vault count percentage of total count
                 A         B        C        D         E       F
            +---------+---------+-------+---------+---------+-------
      Total |    4088 |    1615 |  28.3 |     147 |      67 |  31.3
            +---------+---------+-------+---------+---------+-------
        D:1 |      25 |       0 |   0.0 |      15 |       0 |   0.0
        D:2 |     108 |       0 |   0.0 |      19 |       0 |   0.0
        D:3 |     153 |      16 |   9.5 |      27 |       7 |  20.6
        D:4 |     124 |       0 |   0.0 |       8 |       0 |   0.0
        D:5 |     750 |      56 |   6.9 |      18 |       6 |  25.0
        D:6 |     890 |     772 |  46.5 |      16 |       2 |  11.1
        D:7 |    1425 |      33 |   2.3 |      26 |       2 |   7.1
        D:8 |     613 |     272 |  30.7 |      18 |       3 |  14.3
      Sewer |       0 |     466 | 100.0 |       0 |      47 | 100.0
            +---------+---------+-------+---------+---------+-------
